Map: [ESL] Waterfall

Players

trigger

  • Race: Protoss Protoss
  • Spawn Location: 1:00

herO - Winner!

  • Race: Protoss Protoss
  • Spawn Location: 7:00

Event: DreamHack SC2 Masters 2022 Atlanta (Offline)

VOD

Have the link to the VOD?

Description

Time

  • Played on: Nov. 18, 2022, 6:02 p.m.
  • Length: 8:48

All games in this series

Show
View Real Time Build Order
Export as new Build Order

trigger Protoss 

Build Orders:  

Get SALT Encoding   

  12  0:00  Probe  
  13  0:12  Probe  
  14  0:18  Pylon  
  14  0:24  Probe  
  15  0:36  Probe (Chrono Boost)  
  15  0:38  Gateway  
  16  0:45  Probe (Chrono Boost)  
  16  0:47  Assimilator  
  17  0:50  Probe (Chrono Boost)  
  18  1:03  Probe (Chrono Boost)  
  19  1:04  Assimilator  
  19  1:07  Pylon  
  20  1:12  Probe (Chrono Boost)  
  20  1:17  Probe (Chrono Boost)  
  21  1:27  Cybernetics Core  
  21  1:29  Probe  
  22  1:54  Nexus  
  22  2:05  Stargate  
  22  2:10  Stalker (Chrono Boost)  
  24  2:16  Probe  
  25  2:25  Shield Battery  
  25  2:31  Shield Battery  
  25  2:35  Stalker  
  24  2:44  Shield Battery  
  24  3:10  Void Ray (Chrono Boost)  
  24  3:11  Probe  
  29  3:14  Probe  
  30  3:25  Probe  
  30  3:26  Probe  
  32  3:36  Stalker  
  32  3:40  Probe (Chrono Boost)  
  35  3:42  Probe (Chrono Boost)  
  36  3:53  Warp Gate, Probe (Chrono Boost)  
  36  3:54  Probe (Chrono Boost)  
  36  3:55  Shield Battery  
  38  3:57  Probe (Chrono Boost)  
  38  4:02  Probe  
  40  4:08  Probe  
  41  4:14  Probe  
  41  4:15  Pylon  
  42  4:23  Pylon  
  42  4:24  Twilight Council  
  42  4:29  Pylon  
  42  4:33  Probe x2 (Chrono Boost)  
  44  4:45  Probe x2 (Chrono Boost)  
  46  4:48  Oracle  
  46  4:49  Stalker  
  46  4:50  Probe x2 (Chrono Boost)  
  53  4:52  Gateway  
  53  4:57  Blink (Chrono Boost)  
  53  4:58  Pylon  
  53  5:03  Probe  
  54  5:14  Probe  
  54  5:18  Probe  
  52  5:26  Probe, Gateway  
  53  5:30  Probe  
  54  5:38  Probe  
  54  5:42  Stalker  
  57  5:45  Nexus  
  57  5:47  Stalker  
  57  5:49  Pylon  
  59  5:50  Probe  
  59  5:52  Probe  
  61  6:02  Probe, Assimilator  
  62  6:07  Probe  
  62  6:08  Stalker  
  65  6:12  Stalker  
  65  6:15  Shield Battery  
  65  6:16  Probe  
  68  6:19  Probe  
  68  6:24  Pylon  
  69  6:29  Probe  
  70  6:33  Robotics Facility  
  70  6:34  Forge  
  70  6:43  Stalker x3, Pylon  
  70  6:45  Probe (Chrono Boost)  
  70  6:46  Probe (Chrono Boost)  
  78  6:58  Probe (Chrono Boost)  
  78  7:00  Probe (Chrono Boost)  
  81  7:02  Probe (Chrono Boost)  
  81  7:06  Pylon  
  81  7:08  Probe x2 (Chrono Boost)  
  81  7:09  Stalker x2  
  81  7:10  Stalker  
  81  7:11  Probe (Chrono Boost)  
  81  7:13  Probe  
  89  7:16  Probe  
  89  7:22  Probe  
  89  7:26  Immortal  
  89  7:27  Probe  
  89  7:28  Probe  
  94  7:34  Stalker x2  
  98  7:41  Stalker  
  98  7:42  Probe  
  98  7:44  Assimilator, Pylon  
  101  7:52  Pylon  
  101  7:53  Pylon  
  101  8:00  Nexus  
  101  8:02  Probe x2, Pylon  
  101  8:03  Probe  
  104  8:06  Observer (Chrono Boost)  
  104  8:07  Photon Cannon  
  104  8:09  Shield Battery  
  105  8:14  Probe x2  
  107  8:24  Stalker  
  107  8:25  Stalker x2  
  101  8:32  Probe  
  94  8:35  Shield Battery  
Show
View Real Time Build Order
Export as new Build Order

herO Protoss - Winner!

Build Orders:  

Get SALT Encoding   

  12  0:00  Probe  
  13  0:12  Probe  
  14  0:17  Pylon  
  14  0:24  Probe  
  15  0:35  Gateway  
  15  0:37  Probe (Chrono Boost)  
  16  0:44  Assimilator  
  16  0:49  Probe (Chrono Boost)  
  17  0:54  Probe (Chrono Boost)  
  18  1:04  Probe  
  19  1:16  Probe  
  20  1:23  Cybernetics Core  
  20  1:24  Pylon  
  20  1:25  Zealot  
  22  1:28  Probe  
  24  1:53  Nexus  
  23  1:56  Stalker (Chrono Boost)  
  25  2:04  Pylon  
  25  2:17  Stalker (Chrono Boost)  
  25  2:22  Shield Battery  
  27  2:26  Shield Battery  
  27  2:36  Shield Battery  
  27  2:39  Stalker (Chrono Boost)  
  27  2:43  Probe  
  29  2:48  Warp Gate  
  27  2:56  Probe  
  28  3:06  Stalker (Chrono Boost)  
  28  3:07  Probe  
  28  3:08  Probe  
  32  3:13  Assimilator  
  32  3:19  Probe  
  33  3:20  Probe  
  34  3:28  Pylon  
  34  3:32  Probe x2  
  36  3:36  Gateway  
  36  3:44  Probe (Chrono Boost)  
  38  3:50  Probe (Chrono Boost)  
  38  3:54  Probe (Chrono Boost)  
  39  3:58  Probe (Chrono Boost)  
  39  4:00  Probe (Chrono Boost)  
  41  4:03  Twilight Council  
  41  4:06  Pylon  
  41  4:09  Probe  
  42  4:12  Probe  
  43  4:21  Probe, Gateway  
  45  4:24  Probe  
  45  4:31  Blink (Chrono Boost)  
  45  4:35  Pylon  
  45  4:36  Adept x2, Probe  
  50  4:39  Probe  
  51  4:48  Probe  
  51  4:51  Probe  
  53  4:55  Nexus  
  53  4:59  Shield Battery  
  53  5:05  Stalker  
  55  5:07  Stalker  
  55  5:09  Probe  
  55  5:10  Probe  
  59  5:21  Probe  
  58  5:23  Probe  
  59  5:29  Gateway  
  59  5:31  Shield Battery  
  59  5:34  Pylon  
  57  5:36  Probe x2  
  57  5:38  Stalker x2  
  57  5:41  Robotics Facility  
  63  5:46  Stalker  
  63  5:49  Probe x2  
  67  5:55  Assimilator  
  67  5:58  Pylon  
  67  6:01  Probe x2  
  69  6:08  Stalker  
  69  6:09  Stalker x2  
  72  6:13  Probe x2  
  72  6:16  Probe  
  75  6:25  Probe x2  
  76  6:28  Probe  
  76  6:30  Charge (Chrono Boost)  
  76  6:31  Observer (Chrono Boost), Pylon  
  79  6:34  Forge  
  79  6:37  Probe  
  80  6:41  Probe x2  
  80  6:44  Observer (Chrono Boost)  
  83  6:47  Gateway  
  83  6:48  Gateway  
  83  6:49  Probe  
  83  6:50  Sentry  
  83  6:51  Zealot x2  
  83  6:52  Zealot  
  92  6:54  Probe  
  92  7:00  Warp Prism (Chrono Boost)  
  93  7:02  Gateway  
  95  7:12  Gateway  
  95  7:14  Stalker  
  95  7:15  Zealot  
  99  7:22  Pylon  
  99  7:26  Zealot  
  99  7:28  Observer, Pylon  
  99  7:29  Pylon x2  
  101  7:41  Immortal (Chrono Boost)  
  103  7:45  Stalker x3  
  108  7:56  Zealot x3  
  114  8:01  Pylon  
  114  8:03  Pylon  
  114  8:14  Stalker x5  
  114  8:19  Zealot x2  
  126  8:20  Zealot  
  110  8:37  Zealot x5  
  110  8:41  Stalker x3  
Tags
 
Add a new tag
Caveats
  • Supply blocks, unpowered buildings, or Contaminate may cause inaccurate times.
  • Supply counts are checked every 10 seconds.